 Dungeon Crawl Stone Soup version 0.21.1-1-g345015f (webtiles) character file.

13 letownia2 the Conjurer (level 2, -1/15 HPs)
             Began as a Tengu Wizard on Mar 2, 2018.
             Slain by a killer bee zombie (5 damage)
             ... on level 6 of the Dungeon.
             The game lasted 00:02:49 (539 turns).

letownia2 the Conjurer (Tengu Wizard)                Turns: 539, Time: 00:02:50

Health: -1/15      AC:  3    Str:  7    XL:     2   Next: 37%
Magic:  7/7        EV: 11    Int: 18    God:
Gold:   51         SH:  0    Dex: 12    Spells: 4/7 levels left

rFire    . . .     SeeInvis .   j - +2 spear (flame)
rCold    . . .     Gourm    .   (no shield)
rNeg     . . .     Faith    .   i - +0 leather armour
rPois    .         Spirit   .   b - +0 hat
rElec    .         Reflect  .   (no cloak)
rCorr    .         Harm     .   (no gloves)
MR       .....                  (boots unavailable)
Stlth    ++........             (no amulet)
HPRegen  0.05/turn              k - ring of flight
MPRegen  0.10/turn              (no ring)

@: no status effects
A: beak, talons 3
a: Evoke Flight


You were on level 6 of the Dungeon.
You were not hungry.

You visited 1 branch of the dungeon, and saw 6 of its levels.

You collected 51 gold pieces.

Inventory:

Hand Weapons
 g - a +0 dagger
 j - a +2 spear of flaming (weapon)
Missiles
 l - 7 tomahawks (quivered)
Armour
 b - a +0 hat (worn)
 i - a +0 leather armour (worn)
Jewellery
 k - a ring of flight (left hand)
Scrolls
 e - a scroll of blinking {unknown}
 f - a scroll of noise {unknown}
 h - 4 scrolls of identify {unknown}
 n - a scroll of immolation {unknown}
Potions
 o - a potion of magic {unknown}
 p - a potion of resistance {unknown}
Books
 c - a book of Minor Magic

   Spells                             Type                      Level
   a - Magic Dart                     Conjuration                  1
   b - Blink                          Translocation                2
   c - Call Imp                       Summoning                    2
   d - Slow                           Hexes                        2
   e - Conjure Flame                  Conjuration/Fire             3
   f - Mephitic Cloud                 Conjuration/Poison/Air       3
Comestibles
 d - 3 rations


   Skills:
 - Level 2.1 Dodging
 - Level 2.0 Stealth
 - Level 3.0 Spellcasting
 + Level 3.2 Conjurations
 - Level 1.2 Summonings
   Level 0.7 Translocations


You had 4 spell levels left.
You knew the following spells:

 Your Spells              Type           Power        Failure   Level  Hunger
a - Magic Dart            Conj           ##..         7%          1    None
i - Call Imp              Summ           #.......     22%         2    ##.....


Dungeon Overview and Level Annotations

Branches:
Dungeon (6/15)
 Temple: D:4-7

Altars:

Annotations:
D:4 Curus's ghost, amateur MfTm


Innate Abilities, Weirdness & Mutations

You have a beak for a mouth.
You have claws for feet.


Message History

You see here an arrow.
There is an escape hatch in the floor here.
You slide downwards.
The hatch slams shut behind you.
Found 18 gold pieces.
Unknown command.
You now have 51 gold pieces (gained 18).
A killer bee zombie comes into view.
Attack whom?
Press: ? - help, Dir - move target cursor, f - killer bee zombie
Aim: a killer bee zombie You reach to attack!
You barely miss the killer bee zombie. The killer bee zombie hits you.
* * * LOW HITPOINT WARNING * * *
Attack whom?
Press: ? - help, Dir - move target cursor, f/p - killer bee zombie
Aim: a killer bee zombie You hit the killer bee zombie.
You burn the killer bee zombie.
The killer bee zombie is moderately damaged.
The killer bee zombie hits you.
You die...

#.....# #.....#
#.....#
#.....######
#..........#
#..........#
#####......######.
#......Z......
#.....@######
#.............
#############.


You could see a killer bee zombie.

Vanquished Creatures
  A dart slug (D:4)
  A leopard gecko (D:2)
  An orc (D:4)
  A giant cockroach (D:3)
  A quokka (D:4)
  3 kobolds
  A leopard gecko skeleton (D:4)
9 creatures vanquished.

Notes
Turn   | Place    | Note
-------+----------+-------------------------------------------
     0 | D:1      | letownia2 the Tengu Wizard began the quest for the Orb.
     0 | D:1      | Reached XP level 1. HP: 10/10 MP: 5/5
   170 | D:4      | Noticed a scorpion
   181 | D:5      | Entered Level 5 of the Dungeon
   221 | D:4      | Reached XP level 2. HP: 15/15 MP: 7/7
   335 | D:4      | Learned a level 2 spell: Call Imp
   405 | D:4      | Noticed Curus's ghost (amateur MfTm)
   516 | D:5      | Noticed a centaur
   539 | D:6      | Slain by a killer bee zombie

Skill      XL: |  1  2 |
---------------+-------+-----
Conjurations   | 2 3 |  3.2
Dodging        | |  2.1
Stealth        | |  2.0
Spellcasting   | |  3.0
Summonings     | |  1.2
Translocations | |  0.7

Action                   || total
-------------------------++-------
Melee: Spear             ||     8
       Peck              ||     1
       Kick              ||     1
 Cast: Magic Dart        ||    14
Armor: Robe              ||     2
Dodge: Dodged            ||    11
